 Dungeon Crawl Stone Soup version 0.30-a0-918-g0ff054e9dc (webtiles) character file.

Game seed: 15561420144383583258

200 jlumianski the Trooper (level 5, -2/42 HPs)
             Began as a Demonspawn Fighter on Mar 20, 2023.
             Slain by an orc priest
             ... wielding a +0 hand axe
              (5 damage)
             ... on level 3 of the Dungeon.
             The game lasted 00:08:06 (2004 turns).

jlumianski the Trooper (Demonspawn Fighter)         Turns: 2004, Time: 00:08:06

Health: -2/42      AC:  9    Str: 18    XL:     5   Next: 49%
Magic:  5/5        EV:  9    Int:  9    God:
Gold:   152        SH:  9    Dex: 13    Spells: 4/4 levels left

rFire   . . .      SeeInvis .    a - +0 war axe
rCold   . . .      Faith    .    c - +0 buckler
rNeg    . . .      Spirit   .    b - +0 scale mail
rPois   +          Reflect  +    e - +0 helmet
rElec   .          Rampage  .    (no cloak)
rCorr   .                        r - +0 pair of gloves
Will    .....                    (no boots) Stlth
                                 q - amulet of reflection
HPRegen 0.27/turn                m - ring of poison resistance
MPRegen 0.09/turn                (no ring)

@: no status effects
A: hooves 1, weakness stinger 1, demonic touch 1
a: no special abilities


You were on level 3 of the Dungeon.
You visited 1 branch of the dungeon, and saw 3 of its levels.

You collected 152 gold pieces.

Inventory:

Hand Weapons
 a - a +0 war axe (weapon)
Missiles
 f - 6 javelins (quivered)
Armour
 b - a +0 scale mail (worn)
 c - a +0 buckler (worn)
 e - a +0 helmet (worn)
 r - a +0 pair of gloves (worn)
Jewellery
 m - a ring of poison resistance (left hand)
 q - an amulet of reflection (around neck)
Wands
 t - a wand of roots (1)
Scrolls
 g - a scroll of blinking {unknown}
 j - a scroll of magic mapping {unknown}
 k - a scroll of amnesia {unknown}
 l - a scroll of teleportation
 n - a scroll of vulnerability {unknown}
 o - a scroll of noise {unknown}
 u - a scroll of immolation {unknown}
 w - a scroll of butterflies {unknown}
Potions
 h - a potion of resistance
 p - a potion of flight
 v - a potion of curing {unknown}


   Skills:
 * Level 4.1 Fighting
 + Level 3.2 Axes
 + Level 3.5 Armour
 + Level 1.0 Dodging
 - Level 0.1 Stealth
 + Level 3.2 Shields


You had 4 spell levels left.
You didn't know any spells.
Your spell library was empty.

Dungeon Overview and Level Annotations

Branches:
Dungeon (3/15)

Altars:
Ashenzari
Makhleb
Sif Muna

Shops:
D:1 [


Innate Abilities, Weirdness & Mutations

You have large cloven feet.
You have a small tail.
Your touch may inflict minor irresistible damage on your foes.


Message History

You block the orc priest's attack.
The orc priest hits you with a +0 hand axe.
You barely miss the orc priest. Your kick misses the orc priest.
The orc priest is heavily wounded.
The orc priest barely misses you.
You hit the orc priest.
The orc priest is severely wounded.
The orc priest hits you with a +0 hand axe.
You barely miss the orc priest.
You kick the orc priest, but do no damage.
You tail-slap the orc priest.
The orc priest is almost dead.
You block the orc priest's attack.
The orc priest hits you but does no damage.
You barely miss the orc priest.
You tail-slap the orc priest, but do no damage.
The orc priest is almost dead.
You closely miss the adder. The adder bites you but does no damage.
The orc priest closely misses you. The adder bites you but does no damage.
You closely miss the orc priest.
The orc priest is almost dead.
You hit the adder but do no damage.
The orc priest invokes the aid of Beogh against you.
Pain shoots through your body!
* * * LOW HITPOINT WARNING * * *
The adder bites you.
* * * LOW HITPOINT WARNING * * *
You hit the orc priest.
You tail-slap the orc priest, but do no damage.
The orc priest is almost dead.
You barely miss the adder. The adder barely misses you.
The orc priest calls down the wrath of Beogh upon you.
Beogh smites you!
* * * LOW HITPOINT WARNING * * *
You block the adder's attack.
The orc priest hits you but does no damage.
It was a potion of magic.
Magic courses through your body. The adder barely misses you.
The orc priest hits you with a +0 hand axe.
You die...

###########.#
#........##.##....
#...........#
##'##....##..#<.##
#.####'####.#
#.~.#....##..#.##
#.#.......#.# #.~.#..#.....#.#
#.#.......#.###.~.######.#...#
#.#..#'#..#...#.~.# #....##
#.#..#_#..#...#.(.# ##...#
##.#..###..#...############..#
#..#.......#...o@<........#..#
#..#.......#...S#####.###. ...
#..#########....# ...#
#...............#
#.#####..######## #.
#..####.## ####.. ##.......##
...>.. ###.###..####......
#ยง#'#~##...........


You could see an orc priest and an adder.

Vanquished Creatures
  The ghost of hikkokomori the Ducker, a weakling MfGl (D:3)
  An orc wizard (D:2)
  Natasha (twice) (D:2)
  2 adders
  2 dart slugs
  3 orcs (D:2)
  3 ball pythons
  3 endoplasms
  A giant cockroach (D:2)
  7 goblins
  7 hobgoblins
  4 jackals (D:1)
  5 quokkas
  A bat (D:1)
  4 frilled lizards
  5 kobolds
  5 rats
56 creatures vanquished.

Notes
Turn   | Place    | Note
-------+----------+-------------------------------------------
     0 | D:1      | jlumianski the Demonspawn Fighter began the quest for the
                  | Orb.
     0 | D:1      | Reached XP level 1. HP: 18/18 MP: 1/1
    96 | D:1      | Discovered your monstrous ancestry.
    96 | D:1      | Gained mutation: You have large cloven feet. [demonic
                  | ancestry]
    96 | D:1      | Reached XP level 2. HP: 20/24 MP: 2/2
   581 | D:1      | Gained mutation: Your touch may inflict minor irresistible
                  | damage on your foes. [demonic ancestry]
   581 | D:1      | Reached XP level 3. HP: 23/29 MP: 3/3
   816 | D:1      | Found Yricisun's Armour Shoppe.
   991 | D:2      | Found a shimmering blue altar of Sif Muna.
  1079 | D:2      | Noticed Natasha
  1088 | D:2      | Killed Natasha
  1089 | D:2      | Gained mutation: You have a small tail. [demonic ancestry]
  1089 | D:2      | Reached XP level 4. HP: 18/37 MP: 4/4
  1489 | D:3      | Found a runed translucent door.
  1491 | D:3      | Noticed hikkokomori's ghost (weakling MfGl)
  1507 | D:3      | Killed hikkokomori's ghost
  1508 | D:3      | Reached skill level 4 in Fighting
  1575 | D:3      | Found a faded altar of an unknown god.
  1600 | D:3      | Found a burning altar of Makhleb.
  1600 | D:3      | Found a broken altar of Ashenzari.
  1674 | D:2      | Reached XP level 5. HP: 27/42 MP: 5/5
  1844 | D:2      | Noticed Natasha
  1850 | D:2      | Killed Natasha
  1851 | D:2      | Reached skill level 1 in Dodging
  2003 | D:3      | HP: 2/42 [orc priest/divine providence (8)]
  2004 | D:3      | Slain by an orc priest

Illustrated notes

Levels and vault maps discovered:
D:1:      lemuel_arrival_river_bridge, layout_basic, serial_shops, shop_statue,
          amcnicky_mini_rare_corridor_liquid
D:2:      layout_rooms, basic_altar, uniq_natasha
D:3:      kennysheep_the_goblin_king, layout_rooms,
          gammafunk_temple_overflow_elements,
          hellmonk_ecumenical_altar_inner_sanctum, serial_shops,
          nicolae_shop_stone, ebering_ghost_reflecting_pool,
          hangedman_feature_mirror, grunt_decor_fettered, bh_walls_and_bars

Skill      XL: |  1  2  3  4  5 |
---------------+----------------+-----
Axes           | 2 3 |  3.2
Armour         | 3 |  3.5
Shields        | 3 |  3.2
Fighting       | 4 |  4.1
Dodging        | 1 |  1.0
Stealth        | |  0.1

Action                     |  1- 3 |  4- 6 || total
---------------------------+-------+-------++-------
  Melee: War axe           |    90 |    68 ||   158
         Kick              |    14 |    16 ||    30
         Tailslap          |       |     8 ||     8
    Use: Scroll            |       |     4 ||     4
         Potion            |       |     3 ||     3
 Armour: Scale mail        |    34 |    39 ||    73
  Dodge: Dodged            |    41 |    32 ||    73
  Block: Buckler           |    22 |    32 ||    54

Table legend: (Time is in decaauts)
 A = Elapsed time spent in this place.
 B = Non-inter-level travel time spent in this place.
 C = Inter-level travel time spent in this place.
 D = Time resting spent in this place.
 E = Time spent auto-exploring this place.
 F = Levels seen in this place.
 G = Mean time per level.
                   A        B        C        D        E       F      G
               +--------+--------+--------+--------+--------+-----+--------+
         Total |   2093 |   2071 |     22 |    297 |   1104 |   3 |  697.7 |
       Dungeon |   2093 |   2071 |     22 |    297 |   1104 |   3 |  697.7 |
               +--------+--------+--------+--------+--------+-----+--------+

Top non-repeatable levels by time:
     D:1: 955 daAuts
     D:2: 839 daAuts
     D:3: 299 daAuts
